 Dungeon Crawl Stone Soup version 0.23.1-41-g7e51ed3 (webtiles) character file.

Game seed: 17162160077012934077

270 Borgoz the Bolt Thrower (level 6, -3/37 HPs)
             Began as a Kobold Hunter on Mar 29, 2019.
             Slain by Duvessa
             ... wielding a +0 rapier
              (7 damage)
             ... on level 4 of the Dungeon.
             The game lasted 00:06:51 (3826 turns).

Borgoz the Bolt Thrower (Kobold Hunter)             Turns: 3826, Time: 00:06:52

Health: -3/37      AC:  3    Str: 10    XL:     6   Next: 46%
Magic:  6/6        EV: 16    Int: 13    God:
Gold:   214        SH:  0    Dex: 16    Spells: 5/5 levels left

rFire    + . .     SeeInvis .   a - +0 short sword
rCold    . . .     Gourm    .   (shield restricted)
rNeg     . . .     Faith    .   c - +0 leather armour
rPois    .         Spirit   .   (no helmet)
rElec    .         Reflect  .   (no cloak)
rCorr    .         Harm     .   (no gloves)
MR       .....                  (no boots)
Stlth    ++........             (no amulet)
HPRegen  0.12/turn              w - ring of protection from fire
MPRegen  0.10/turn              (no ring)

@: hasted, very quick
A: small, carnivore
a: no special abilities


You were on level 4 of the Dungeon.
You were very full.

You visited 1 branch of the dungeon, and saw 4 of its levels.

You collected 214 gold pieces.

Inventory:

Hand Weapons
 a - a +0 short sword (weapon)
 b - a +1 hand crossbow
Missiles
 d - 23 bolts
Armour
 c - a +0 leather armour (worn)
Jewellery
 w - a ring of protection from fire (left hand)
Wands
 q - a wand of paralysis (6)
Scrolls
 e - a scroll of remove curse {unknown}
 g - 7 scrolls of identify {unknown}
 h - a scroll of enchant armour {unknown}
 n - 2 scrolls of random uselessness {unknown}
 o - a scroll of fog {unknown}
 t - a scroll of fear {unknown}
 v - 3 scrolls of magic mapping {unknown}
 y - a scroll of amnesia {unknown}
Potions
 i - a potion of heal wounds
 j - a potion of lignification {unknown}
 k - a potion of brilliance {unknown}
 l - a potion of agility {unknown}
 m - a potion of might {unknown}
 p - 2 potions of degeneration {unknown}
 r - a potion of curing {unknown}
 s - 2 potions of ambrosia {unknown}
 u - 3 potions of haste
Comestibles
 f - 11 rations


   Skills:
 + Level 3.5 Fighting
 + Level 3.3 Short Blades
 - Level 4.8 Crossbows
 + Level 1.9 Armour
 + Level 4.0 Dodging
 + Level 4.0 Stealth


You had 5 spell levels left.
You didn't know any spells.
Your spell library contained the following spells:

 Spells                   Type           Power        Failure   Level  Hunger
 Animate Skeleton         Necr           N/A          38%         1    ##.....
 Apportation              Tloc           #.....       38%         1    ##.....
 Confusing Touch          Hex            #.....       38%         1    ##.....
 Summon Small Mammal      Summ           #...         38%         1    ##.....


Dungeon Overview and Level Annotations

Branches:
Dungeon (4/15)
 Temple: D:4-7

Altars:
Uskayaw
Wu Jian

Shops:
D:4 [

Annotations:
D:4 Dowan, Duvessa


Innate Abilities, Weirdness & Mutations

You are small and have problems with some larger weapons.
You are carnivorous and can eat meat at any time.


Message History

Duvessa hits you with a +0 rapier. Dowan hits you with a +0 dagger.
You hit Duvessa but do no damage.
Duvessa is heavily wounded.
Duvessa hits you with a +0 rapier. Dowan misses you.
You feel yourself speed up. Duvessa barely misses you. Duvessa misses you.
Dowan closely misses you. Duvessa closely misses you.
Duvessa is no longer moving quickly.
Dowan's feet meld with the ground, briefly.
You closely miss Duvessa.
Duvessa is heavily wounded.
You barely miss Duvessa.
Duvessa is heavily wounded.
Duvessa hits you with a +0 rapier!
* * * LOW HITPOINT WARNING * * *
You hit Duvessa but do no damage.
Duvessa is heavily wounded.
Dowan gestures wildly while chanting.
Dowan blinks!
Duvessa hits you with a +0 rapier!
You die...

..............#
..............# #
............### #..
........###..## (...
..........e...### .....
..............e.##......
##########ยง###..(.>...(.
#e# ####....... #@#
#>..... #.# ...... #.#
..... #.# #.... #.# #...
#.# ##. #.. #..


You could see Duvessa and Dowan.

Vanquished Creatures
  A bullfrog (D:3)
  A hound (D:4)
  A bullfrog skeleton (D:4)
  5 adders
  An ooze (D:3)
  An adder skeleton (D:3)
  4 worms
  A dart slug (D:2)
  A leopard gecko (D:2)
  4 orcs (D:4)
  3 giant cockroaches
  9 goblins
  9 hobgoblins
  6 jackals (D:2)
  4 kobolds
  2 quokkas (D:4)
  5 bats
  5 frilled lizards
  A jackal skeleton (D:4)
  13 rats
77 creatures vanquished.

Notes
Turn   | Place    | Note
-------+----------+-------------------------------------------
     0 | D:1      | Borgoz the Kobold Hunter began the quest for the Orb.
     0 | D:1      | Reached XP level 1. HP: 12/12 MP: 1/1
   135 | D:1      | Reached XP level 2. HP: 18/18 MP: 2/2
   356 | D:1      | Reached skill level 1 in Short Blades
   627 | D:2      | Reached XP level 3. HP: 14/22 MP: 3/3
  1324 | D:2      | Reached XP level 4. HP: 22/27 MP: 4/4
  1361 | D:2      | Reached skill level 1 in Armour
  1517 | D:2      | Found an ornate altar of the Wu Jian Council.
  2251 | D:3      | Noticed a bullfrog
  2269 | D:3      | Killed a bullfrog
  2269 | D:3      | Reached XP level 5. HP: 9/32 MP: 5/5
  3363 | D:4      | Found Vudebb's Antique Armour Boutique.
  3397 | D:4      | Reached XP level 6. HP: 37/37 MP: 6/6
  3648 | D:4      | Found a hide-covered altar of Uskayaw.
  3777 | D:4      | Noticed Duvessa
  3777 | D:4      | Noticed Dowan
  3826 | D:4      | Slain by Duvessa

Skill      XL: |  1  2  3  4  5  6 |
---------------+-------------------+-----
Short Blades   | 1 2 3 |  3.3
Stealth        | 2 3 4 |  4.0
Dodging        | 3 4 |  4.0
Armour         | 1 |  1.9
Fighting       | 3 |  3.5
Crossbows      | |  4.8

Action                   |  1- 3 |  4- 6 || total
-------------------------+-------+-------++-------
Melee: Short sword       |    36 |   191 ||   227
 Fire: Hand crossbow     |    62 |    43 ||   105
  Use: Potion            |       |     2 ||     2
 Stab: Sleeping          |     1 |     7 ||     8
  Eat: Chunk             |    10 |     7 ||    17
Armor: Leather armour    |     7 |    21 ||    28
       Skin              |       |    13 ||    13
Dodge: Dodged            |    50 |   149 ||   199
